 Dungeon Crawl Stone Soup version 0.30-a0-1161-g0704695555 (webtiles) character file.

Game seed: 5235064515216175497

2 NinjaNoafa the Changer (level 1, 0/15 HPs)
             Began as a Human Wanderer on Apr 27, 2023.
             Slain by a bat (1 damage)
             ... on level 1 of the Dungeon.
             The game lasted 00:01:10 (77 turns).

NinjaNoafa the Changer (Human Wanderer)               Turns: 77, Time: 00:01:10

Health: 0/15       AC:  2    Str: 12    XL:     1   Next: 44%
Magic:  0/2        EV: 11    Int: 12    God:
Gold:   0          SH:  0    Dex: 12    Spells: 1/2 levels left

rFire   . . .        e - +0 dagger
rCold   . . .        (no shield)
rNeg    . . .        c - +0 robe
rPois   .            (no helmet)
rElec   .            (no cloak)
rCorr   .            (no gloves)
SInv    .            (no boots)
Will    .....        (no amulet)
Stlth   +            (no ring)
HPRegen 0.22/turn    (no ring)
MPRegen 0.08/turn

%: no passive effects
@: no status effects
A: no striking features
a: no special abilities


You were on level 1 of the Dungeon.
You visited 1 branch of the dungeon, and saw 1 of its levels.

Inventory:

Hand Weapons
 e - a +0 dagger (weapon)
Armour
 c - a +0 robe (worn)
Wands
 d - a wand of polymorph (3) (quivered)
Scrolls
 a - a scroll of teleportation {unknown}
 b - a scroll of fog


   Skills:
 - Level 1.0 Fighting
 + Level 1.1 Spellcasting
 + Level 1.2 Summonings
 - Level 4.0 Transmutations
 - Level 3.0 Evocations


You had one spell level left.
You knew the following spells:

 Your Spells              Type           Power      Damage    Failure   Level
a - Summon Small Mammal   Summ           12%        N/A       19%         1

Your spell library contained the following spells:

 Spells                   Type           Power      Damage    Failure   Level
 Beastly Appendage        Tmut           20%        N/A       6%          1
 Wereblood                Tmut           10%        N/A       9%          2
 Ignite Poison            Fire/Tmut/Pois 3%         N/A       45%         3
 Call Canine Familiar     Summ           3%         N/A       47%         3


Dungeon Overview and Level Annotations

Branches:
Dungeon (1/15)

Altars:


Message History

The bat closely misses you.
Your rat barely misses the hobgoblin.
The bat barely misses you.
Your bat barely misses the hobgoblin.
The bat hits you but does no damage.
Unknown command.
Your rat closely misses the bat.
Your bat barely misses the bat.
Unknown command.
The kobold attacks as you move away! The kobold barely misses you.
A bat comes into view.
Something closely misses your bat.
Your bat hits the hobgoblin but does no damage.
Your bat closely misses the bat.
The bat moves out of view.
Your bat hits the hobgoblin but does no damage.
The hobgoblin closely misses your bat.
Your bat closely misses the bat.
Unknown command.
You miss the bat. The bat barely misses you.
Your bat misses the hobgoblin.
The kobold hits you with a +0 short sword.
* * * LOW HITPOINT WARNING * * *
Your bat barely misses the hobgoblin.
Your rat completely misses the hobgoblin.
Unknown command.
The kobold attacks as you move away! The kobold misses you.
Your bat hits the hobgoblin. The bat hits you but does no damage. x2
Your bat barely misses the hobgoblin.
The hobgoblin closely misses your bat.
Your rat barely misses the hobgoblin.
Your bat hits the hobgoblin.
The hobgoblin dies!
Casting: Summon Small Mammal (safe; 19% risk of failure)
Confirm with . or Enter, or press ? or * to list all spells.
Your rat disappears in a puff of smoke!
The bat hits you.
* * * LOW HITPOINT WARNING * * *
The bat hits you but does no damage.
The kobold hits you with a +0 short sword.
* * * LOW HITPOINT WARNING * * *
The bat closely misses you.
Unknown command.
The kobold attacks as you move away!
The kobold hits you with a +0 short sword.
* * * LOW HITPOINT WARNING * * *
The bat hits you.
You die...

...............# ..........##..#
## #...........### #.##
#...........###### #.>.##
#.........# ....#
#..########.........## ..#..
#.#...................##....#
##........#l#.r..^............
..........#.bKb@.......##..##...
.......########..b.######...#
....##. ##...........## .... #.
##...######)# ##. #. ....## #.##
# #. #......##..####
.####.>......# #########....##
###########.....


You could see 2 bats, a kobold, a frilled lizard, a friendly bat (summoned) and
a friendly rat (summoned).

Vanquished Creatures
  A goblin (D:1)
1 creature vanquished.

Vanquished Creatures (collateral kills)
  A hobgoblin (D:1)
1 creature vanquished.

Grand Total: 2 creatures vanquished

Notes
Turn   | Place    | Note
-------+----------+-------------------------------------------
     0 | D:1      | NinjaNoafa the Human Wanderer began the quest for the Orb.
     0 | D:1      | NinjaNoafa set off with the following items: a +0 club, a
                  | scroll of fog, a +0 robe, a wand of polymorph (3); and the
                  | following spells available to memorise: Beastly Appendage,
                  | Wereblood, Summon Small Mammal, Ignite Poison, Call Canine
                  | Familiar.
     0 | D:1      | Reached XP level 1. HP: 15/15 MP: 2/2
    18 | D:1      | Learned a level 1 spell: Summon Small Mammal
    77 | D:1      | Slain by a bat

Illustrated notes

Levels and vault maps discovered:
D:1:      spicycebolla_arrival_ecumenical, layout_rooms, serial_corexii_hall,
          corexii_hall_statues_l, corexii_hall_statues_x,
          corexii_hall_statues_x, corexii_hall_statues_i, serial_shops, shop,
          minmay_pentomino_q4

Action                     || total
---------------------------++-------
  Melee: Club              ||     3
         Dagger            ||     1
   Cast: Summon Small Mamm ||     5
 Armour: Robe              ||     5
  Dodge: Dodged            ||    15

Table legend: (Time is in decaauts)
 A = Elapsed time spent in this place.
 B = Non-inter-level travel time spent in this place.
 C = Inter-level travel time spent in this place.
 D = Time resting spent in this place.
 E = Time spent auto-exploring this place.
 F = Levels seen in this place.
 G = Mean time per level.
                   A        B        C        D        E       F      G
               +--------+--------+--------+--------+--------+-----+--------+
         Total |     77 |     77 |      0 |      0 |     32 |   1 |   77.0 |
       Dungeon |     77 |     77 |      0 |      0 |     32 |   1 |   77.0 |
               +--------+--------+--------+--------+--------+-----+--------+

Top non-repeatable levels by time:
     D:1: 77 daAuts
